 Dungeon Crawl Stone Soup version 0.19-a0-518-g626ee58 (webtiles) character file.

40 GlassEater the Sneak (level 3, -8/18 HPs)
             Began as a Vine Stalker Enchanter on June 7, 2016.
             Mangled by Sigmund
             ... wielding a +0 scythe
              (10 damage)
             ... on level 2 of the Dungeon.
             The game lasted 00:03:06 (1125 turns).

GlassEater the Sneak (Vine Stalker Enchanter)       Turns: 1125, Time: 00:03:07

Health: -8/18      AC:  6    Str: 10    XL:     3   Next: 50%
Magic:  0/7        EV: 12    Int: 16    God:
Gold:   33         SH:  0    Dex: 14    Spells: 2 memorised, 4 levels left

rFire  . . .     SeeInvis .     a - +1 dagger
rCold  . . .     Gourm    .     m - +0 robe (curse)
rNeg   . . .     Faith    .     (no shield)
rPois  .         Spirit   +     b - +0 helmet
rElec  .         Dismiss  .     h - +2 cloak
rCorr  .         Reflect  .     (no gloves)
SustAt .         Harm     .     (no boots)
MR     .....                    (no amulet)
Stlth  +++.......               (no ring)
                                (no ring)

@: not resistant to hostile enchantments, fairly stealthy
A: fangs 2, regeneration 1, magic shield, antimagic bite, no device heal 3, rot
immunity
a: no special abilities


You were on level 2 of the Dungeon.
You were not hungry.

You visited 1 branch of the dungeon, and saw 2 of its levels.

You collected 33 gold pieces.

Inventory:

Hand Weapons
 a - a +1 dagger (weapon)
Armour
 b - a +0 helmet (worn)
 h - a +2 cloak (worn)
 m - a cursed +0 robe (worn)
Scrolls
 e - a scroll of identify {unknown}
 f - 2 scrolls of recharging {unknown}
 g - a scroll of fog {unknown}
 i - a scroll of remove curse {unknown}
 j - a scroll of immolation {unknown}
Potions
 k - 2 potions of cure mutation {unknown}
 l - 2 potions of brilliance {unknown}
 o - a potion of beneficial mutation {unknown}
 q - a potion of degeneration {unknown}
Books
 c - a book of Maledictions

   Spells                             Type                      Level
   a - Corona                         Hexes                        1
   b - Ensorcelled Hibernation        Hexes/Ice                    2
   c - Confuse                        Hexes                        3
   d - Tukima's Dance                 Hexes                        3
   e - Dazzling Spray                 Conjuration/Hexes            3
Comestibles
 d - 3 bread rations
 n - a chunk of flesh
 p - 2 meat rations


   Skills:
 + Level 1.1 Fighting
 + Level 1.4 Short Blades
 + Level 1.7 Dodging
 + Level 3.8 Stealth
 * Level 2.5 Spellcasting
 * Level 3.3 Hexes


You had 4 spell levels left.
You knew the following spells:

 Your Spells              Type           Power        Failure   Level  Hunger
a - Corona                Hex            ##.....      8%          1    #......
b - Ensorcelled Hibernat  Hex/Ice        #.....       17%         2    ##.....


Dungeon Overview and Level Annotations

Branches:
Dungeon (2/15)

Altars:
Fedhas

Annotations:
D:2 Sigmund


Innate Abilities, Weirdness & Mutations

You have extremely sharp teeth.
Your natural rate of healing is unusually fast.
When hurt, damage is shared between your health and your magic reserves.
Your bite disrupts and absorbs the magic of your enemies.
Potions and wands cannot restore your health.
You are immune to rotting.


Message History

You kill the dart slug!
Sigmund mumbles some strange words.
Sigmund flickers and vanishes!
Deactivating autopickup; reactivate with Ctrl-A.
Something barely misses you.
You see here a dagger.
Something hits you.
A magic dart appears from out of thin air!
The magic dart hits you!
You are confused.
Something hits you but does no damage.
You hear some strange, mumbled words.
A puff of flame appears from out of thin air!
The puff of flame hits you!
* * * LOW HITPOINT WARNING * * *
Something hits you but does no damage.
You feel less confused. Something hits you!
Ouch! That really hurt!
You die...

#. #.#.###.......##...#########.
. #......÷#####....#### #. .#
#..#.#### #...#....# #. . #.##.#
##..#####.## ## #.#..# #...##
#...# ### ##...## #....# #...#
#.. #..## #....# #...######.#
#.## ######....###..........#
####.#####......@.........#######
..............##...###....##
...........#####...# #.....######
.......##### #...# #...#.......
.......# ##### #..<########
$......# #...# ####.### #####
...#)# ♣...#


There were no monsters in sight!

Vanquished Creatures
  2 adders (D:2)
  A dart slug (D:2)
  A ball python (D:1)
  4 bats
  A giant cockroach (D:1)
  4 goblins
  A giant newt (D:2)
  4 kobolds
  4 rats
22 creatures vanquished.

Notes
Turn   | Place    | Note
--------------------------------------------------------------
     0 | D:1      | GlassEater the Vine Stalker Enchanter began the quest for the Orb.
     0 | D:1      | Reached XP level 1. HP: 9/9 MP: 4/4
   183 | D:1      | Reached skill level 1 in Short Blades
   415 | D:1      | Reached XP level 2. HP: 11/14 MP: 4/6
   419 | D:1      | Learned a level 2 spell: Ensorcelled Hibernation
   825 | D:2      | Reached skill level 1 in Fighting
   845 | D:2      | Reached XP level 3. HP: 16/18 MP: 4/7
   940 | D:2      | Found a blossoming altar of Fedhas.
  1096 | D:2      | Noticed Sigmund
  1125 | D:2      | Mangled by Sigmund

Vault maps used:
D:1:      wheals_arrival_linesprint, kennysheep_nondescript
D:2:      elyvilon_altar_1, fedhas_altar_2, uniq_sigmund

Skill      XL: |  1  2 |
---------------+-------+-----
Short Blades   | 1 |  1.4
Fighting       | 1 |  1.1
Dodging        | |  1.7
Stealth        | |  3.8
Spellcasting   | |  2.5
Hexes          | |  3.3

Action                   || total
-------------------------++-------
Melee: Dagger            ||    54
       Bite              ||    11
 Cast: Ensorcelled Hiber ||     1
 Stab: Sleeping          ||     8
  Eat: Chunk             ||     1
Armor: Robe              ||    30
Dodge: Dodged            ||    41
